 Dungeon Crawl Stone Soup version 0.28-a0-465-ge2dae52223 (webtiles) character file.

Game seed: 12278412284070168404

11971 robertstho the Thaumaturge (level 12, 0/84 HPs)
             Began as a Djinni Fire Elementalist on Sept 14, 2021.
             Was an Initiate of Gozag.
             Slain by a wraith (12 damage)
             ... on level 11 of the Dungeon.
             The game lasted 00:23:10 (14999 turns).

robertstho the Thaumaturge (DjFE)                  Turns: 14999, Time: 00:23:10

Health: 0/84       AC:  5    Str:  7    XL:     12   Next: 14%
Gold:   693        EV: 13    Int: 23    God:    Gozag SH:  0 Dex: 13

rFire   + + +      SeeInvis .   n - +2 dagger (venom)
rCold   . . .      Faith    .   (no shield)
rNeg    . . .      Spirit   .   G - +2 robe {rF+}
rPois   ∞          Reflect  .   q - +0 helmet
rElec   .          Harm     .   f - scarf {rC+ rF+}
rCorr   .          Rampage  .   (no gloves)
Will    +....                   (boots unavailable)
Stlth   +++.......              (no amulet)
HPRegen 0.24/turn               (no ring)
MPRegen 0.00/turn               (no ring)

@: liquefying, attractive, flying, slowed, slowed movement, very slow
A: sickness immunity, fire resistance 2, cold vulnerability 1, float, innate
caster, hp casting, extra vitality 1
a: Renounce Religion, Potion Petition, Call Merchant, Bribe Branch


You were on level 11 of the Dungeon.
You worshipped Gozag.
Gozag was pleased with you.
You visited 2 branches of the dungeon, and saw 12 of its levels.
You also visited: Ossuary and Bailey.

You collected 1029 gold pieces.
You spent 182 gold pieces at shops.
You paid 154 gold pieces to Gozag.

Inventory:

Hand Weapons
 n - a +2 dagger of venom (weapon)
 p - a +1 dagger of flaming
Armour
 f - a scarf of resistance (worn)
 j - a +0 robe of willpower
 q - a +0 helmet (worn)
 G - a +2 robe of fire resistance (worn)
Wands
 x - a wand of polymorph (13)
 y - a wand of flame (15)
 A - a wand of iceblast (12)
Scrolls
 a - 2 scrolls of holy word {unknown}
 b - 3 scrolls of torment {unknown}
 h - 3 scrolls of enchant weapon {unknown}
 l - 2 scrolls of silence
 r - 2 scrolls of fear {unknown}
 u - 2 scrolls of immolation
 z - 2 scrolls of fog
Potions
 c - 2 potions of curing
 d - 5 potions of flight
 e - 4 potions of lignification {unknown}
 k - a potion of might
 m - 2 potions of mutation
 o - 6 potions of brilliance
 s - 2 potions of degeneration {unknown}
 t - 3 potions of attraction
 w - a potion of cancellation {unknown}
 E - a potion of berserk rage
Miscellaneous
 F - a phantom mirror


   Skills:
 * Level 6.6 Fighting
 + Level 0.3 Short Blades
 + Level 3.1 Dodging
 + Level 4.1 Stealth
 * Level 12.7 Spellcasting


You had 10 spell levels left.
You knew the following spells:

 Your Spells              Type           Power      Damage    Failure   Level
a - Foxfire               Conj/Fire      100%       2x1d9     1%          1
b - Scorch                Fire           100%       2d10      1%          2
c - Conjure Flame         Conj/Fire      65%        6-21      1%          3
d - Inner Flame           Hex/Fire       65%        N/A       1%          3
e - Flame Wave            Conj/Fire      65%        3d12      1%          4
f - Sandblast             Erth           100%       2d20      1%          1
g - Wereblood             Tmut           65%        N/A       1%          2
h - Poisonous Vapours     Pois/Air       100%       N/A       1%          2
i - Summon Ice Beast      Ice/Summ       65%        N/A       1%          4
j - Leda's Liquefaction   Hex/Erth       32%        N/A       1%          4
Your spell library was empty.

Dungeon Overview and Level Annotations

Branches:
Dungeon (11/15)            Temple (1/1) D:4            Lair (0/6) D:10
    Orc (0/2) D:11        Ossuary (visited)          Bailey (visited)

Altars:
Ashenzari
Cheibriados
Dithmenos
Elyvilon
Fedhas
Gozag
Hepliaklqana
Kikubaaqudgha
Makhleb
Nemelex Xobeh
Okawaru
Qazlal
Ru
Sif Muna
Trog
Uskayaw
Vehumet
Wu Jian
Xom
Yredelemnul
Zin
The Shining One
Beogh

Shops:
D:4 !   D:6 (

Portals:
Ice
Cave: D:11
Gauntlet: D:11

Annotations:
D:4 2 runed translucent doors, heikuro's ghost, amateur FoFi
D:7 2 transporters, frimble's ghost, novice GnIE
D:10 1 runed translucent door, olmar's ghost, journeyman DjFE


Innate Abilities, Weirdness & Mutations

You are immune to sickness and miasma.
You are immune to poison.
Your flesh is very heat resistant. (rF++)
You are vulnerable to cold. (rC-)
You float through the air rather than walking.
You learn spells naturally, not from books.
Your magical power is your life essence.
You have superior vitality. (+4 HP)


Message History

Your ice beast completely misses the orc zombie.
Your ice beast hits the orc zombie.
Your ice beast freezes the orc zombie.
The orc zombie resists.
Your ice beast hits the orc zombie.
Your ice beast freezes the orc zombie.
The orc zombie resists.
The orc zombie is destroyed!
Casting: Summon Ice Beast (safe; 1% risk of failure)
Confirm with . or Enter, or press ? or * to list all spells.
The ground around you becomes liquefied!
Unknown command.
You feel yourself speed up.
The seven-headed hydra becomes momentarily stuck in the liquid earth.
The seven-headed hydra bites your ice beast! x2
The seven-headed hydra becomes momentarily stuck in the liquid earth. x3
The seven-headed hydra bites your ice beast.
Your ice beast becomes momentarily stuck in the liquid earth.
Your ice beast hits the seven-headed hydra.
Your ice beast freezes the seven-headed hydra!
The seven-headed hydra bites your ice beast! x2
Your ice beast dies!
Your ice beast disappears in a puff of smoke!
The yak bellows! x2; You hear a bellow!
The seven-headed hydra is distracted by your dazzling golden aura.
The yak is distracted by your dazzling golden aura.
The wraith hits you!
* * * LOW HITPOINT WARNING * * *
You hear the steady crackling of a distant melting archway.
You hear the deafening beating of a drum nearby.
The wraith hits you!
* * * LOW HITPOINT WARNING * * *
You feel better. The wraith hits you.
* * * LOW HITPOINT WARNING * * *
The wraith drains your vigour!
You feel yourself slow down.
You feel better. The wraith hits you!
* * * LOW HITPOINT WARNING * * *
Okay, then.
It was a potion of attraction.
You feel attractive to monsters. The wraith hits you!
You die...
Your body crumbles into a pile of gold.

##............D....#,,,,,,,,,,,,,
,#.................#,,,,,,,,,,,,,
,#........$...D....#,,,,,,,,,,,,,
*####.###..........#,,,,,,,,,,,,,
,***#.#$#+##'###...######+#,,,###
*,,*Z#.,*......'.....Y....#####..
*,,#.*.##......#.....Y...........
**,..*###......#W######Y.........
**.#.***#......#@#......Y........
**.##,,*#......#.#.≈≈≈≈Y≈§≈≈.....
,.,,,*,**,...,,#...≈≈≈≈Y≈≈≈≈.....
*,*,**,**,,,,,,#...≈##'$Y##≈.....
,,**,*,,*,>,,,,#.#.≈#..$$Y#≈.....
**,*,,*********#.#.≈#>..§∩#≈.#...
,,,,,,***,,,,,,....≈#######≈.#.<.
,***,**,*,,,,,,...,≈≈≈≈≈≈≈≈≈..###
,,,*,****,,,,,,,,,,,,,,,.....Y.,,


You could see a wraith.

Vanquished Creatures
  2 hydras
  2 two-headed ogres
  Pikel (D:6)
  A cyclops (D:6)
  Psyche (D:10)
  A troll (D:9)
  Grinder (D:6)
  A wyvern (D:9)
  A wraith (D:8)
  17 yaks
  A steam dragon (D:6)
  Menkaure (D:6)
  2 acid dragons (D:9)
  2 water moccasins
  An ice beast (D:6)
  2 sky beasts
  2 black bears (D:6)
  An orc warrior (Bailey)
  A necrophage (D:4)
  6 centaurs
  2 lemures (D:6)
  3 elf zombies (Ossuary)
  A kobold brigand (D:8)
  5 bullfrogs
  A gnoll sergeant (D:10)
  A water moccasin skeleton (D:6)
  5 killer bees (D:9)
  2 howler monkeys
  6 human zombies (Ossuary)
  5 centaur zombies
  2 gnoll shamans
  2 hounds
  9 orc priests
  A centaur skeleton (D:7)
  A jelly (D:6)
  A bullfrog skeleton (D:5)
  Natasha (thrice) (D:3)
  Ijyb (D:3)
  5 orc wizards
  A scorpion zombie (D:5)
  2 hound skeletons (D:4)
  A howler monkey zombie (D:8)
  3 mummies (Ossuary)
  10 gnolls
  8 adders
  2 adder skeletons
  3 worms (D:4)
  A dart slug (D:2)
  26 orcs
  6 endoplasms
  13 goblins
  5 hobgoblins
  14 kobolds
  2 quokkas
  8 ball pythons
  3 bats
  2 frilled lizards (D:3)
  9 rats
222 creatures vanquished.

Vanquished Creatures (collateral kills)
  Joseph (D:7)
  A centaur zombie (D:11)
  An orc zombie (D:11)
  7 foxfires
10 creatures vanquished.

Vanquished Creatures (others)
  A centaur zombie (D:9)
  743 foxfires
  5 plants
  2 withered plants (D:10)
751 creatures vanquished.

Grand Total: 983 creatures vanquished

Notes
Turn   | Place    | Note
-------+----------+-------------------------------------------
     0 | D:1      | robertstho the Djinni Fire Elementalist began the quest for
                  | the Orb.
     0 | D:1      | Reached XP level 1. HP: 15/15 MP: 0/0
   384 | D:1      | Reached XP level 2. HP: 19/21 MP: 0/0
   990 | D:1      | Reached skill level 3 in Spellcasting
  1299 | D:1      | Reached XP level 3. HP: 25/26 MP: 0/0
  1299 | D:1      | Learned a level 1 spell: Sandblast
  1373 | D:1      | Found a faded altar of an unknown god.
  2764 | D:3      | Reached XP level 4. HP: 17/31 MP: 0/0
  3272 | D:2      | Reached skill level 1 in Fighting
  3337 | D:3      | Noticed Natasha
  3342 | D:3      | Killed Natasha
  3343 | D:3      | Reached XP level 5. HP: 12/37 MP: 0/0
  3343 | D:3      | Learned a level 2 spell: Wereblood
  3481 | D:3      | Noticed Natasha
  3585 | D:3      | Killed Natasha
  3586 | D:3      | Reached skill level 4 in Spellcasting
  3640 | D:3      | Noticed Natasha
  3643 | D:3      | Killed Natasha
  3850 | D:3      | Noticed Ijyb
  3857 | D:3      | Killed Ijyb
  3858 | D:3      | Reached XP level 6. HP: 35/42 MP: 0/0
  4006 | D:3      | Identified a scroll of acquirement
  4009 | D:3      | Acquired a scarf of resistance
  4732 | D:4      | Reached skill level 5 in Spellcasting
  4787 | D:4      | Reached XP level 7. HP: 27/49 MP: 0/0
  4787 | D:4      | Learned a level 2 spell: Poisonous Vapours
  5016 | D:4      | Found a staircase to the Ecumenical Temple.
  5023 | D:4      | Found Etaaf's Distillery.
  5052 | Temple   | Entered the Ecumenical Temple
  5084 | D:4      | Bought a potion of flight for 39 gold pieces
  5084 | D:4      | Bought a potion of might for 52 gold pieces
  5084 | D:4      | Bought a potion of curing for 39 gold pieces
  5084 | D:4      | Bought a potion of brilliance for 52 gold pieces
  5754 | D:4      | Found a large runed translucent door.
  5754 | D:4      | Found a large runed translucent door.
  5754 | D:4      | Noticed heikuro's ghost (amateur FoFi)
  5784 | D:5      | Entered Level 5 of the Dungeon
  5784 | D:5      | Found a hazy altar of Hepliaklqana.
  6140 | D:5      | Found a sand-covered staircase.
  6145 | Ossuary  | Entered an ossuary
  6206 | Ossuary  | Reached skill level 6 in Spellcasting
  6221 | Ossuary  | Reached XP level 8. HP: 12/55 MP: 0/0
  6752 | Ossuary  | Reached skill level 7 in Spellcasting
  7922 | D:6      | Noticed Pikel
  7939 | D:6      | Killed Pikel
  7940 | D:6      | Reached skill level 8 in Spellcasting
  7940 | D:6      | Reached XP level 9. HP: 9/61 MP: 0/0
  7940 | D:6      | Learned a level 4 spell: Summon Ice Beast
  8385 | D:6      | Noticed Grinder
  8397 | D:6      | Killed Grinder
  8522 | D:6      | Found a white marble altar of Elyvilon.
  8572 | D:6      | Noticed a two-headed ogre
  8582 | D:6      | Killed a two-headed ogre
  8583 | D:6      | Reached skill level 9 in Spellcasting
  8583 | D:6      | Reached XP level 10. HP: 61/68 MP: 0/0
  8623 | D:6      | Identified the +6 quarterstaff "Wyjeliyn" {holy, *Rage
                  | rElec Str-5}
  8708 | D:6      | Found Ucvoups's Antique Weapon Boutique.
  8788 | D:6      | Noticed Menkaure
  8790 | D:6      | Killed Menkaure
  8922 | D:6      | Reached skill level 10 in Spellcasting
  9065 | D:6      | Noticed a cyclops
  9076 | D:6      | Killed a cyclops
  9325 | D:7      | Found a transporter.
  9327 | D:7      | Found a transporter.
  9329 | D:7      | Noticed a moth of wrath
  9337 | D:7      | Noticed a two-headed ogre
  9337 | D:7      | Noticed frimble's ghost (novice GnIE)
  9340 | D:7      | Found a bloodstained altar of Trog.
  9439 | D:7      | Noticed Joseph
  9453 | D:7      | Killed Joseph
  9756 | D:7      | Found a sparkling altar of Nemelex Xobeh.
  9982 | D:7      | Found a blossoming altar of Fedhas.
 10066 | D:7      | Reached skill level 5 in Fighting
 10252 | D:8      | Noticed a seven-headed hydra
 10497 | D:8      | Killed a seven-headed hydra
 10498 | D:8      | Reached skill level 11 in Spellcasting
 10636 | D:8      | Reached XP level 11. HP: 75/76 MP: 0/0
 10636 | D:8      | Learned a level 4 spell: Leda's Liquefaction
 11200 | D:8      | Found a sacrificial altar of Ru.
 11782 | D:9      | Found an opulent altar of Gozag.
 11809 | D:9      | Became a worshipper of Gozag Ym Sagoz the Greedy
 13000 | D:10     | Entered Level 10 of the Dungeon
 13017 | D:10     | Noticed Psyche
 13590 | D:10     | Found a staircase to the Lair.
 13653 | D:10     | Reached skill level 12 in Spellcasting
 14114 | D:10     | Found a runed translucent door.
 14114 | D:10     | Noticed olmar's ghost (journeyman DjFE)
 14251 | D:10     | Killed Psyche
 14317 | D:10     | Noticed a two-headed ogre
 14337 | D:10     | Killed a two-headed ogre
 14758 | D:11     | Reached XP level 12. HP: 62/84 MP: 0/0
 14781 | D:11     | Noticed a skeletal warrior
 14781 | D:11     | Noticed a skeletal warrior
 14793 | D:11     | Noticed a skeletal warrior
 14861 | D:11     | Found a flagged portal.
 14865 | Bailey   | Entered a bailey
 14941 | D:11     | Noticed an eight-headed hydra
 14948 | D:11     | Killed an eight-headed hydra
 14960 | D:11     | Found a gate leading to a gauntlet.
 14970 | D:11     | Noticed a seven-headed hydra
 14973 | D:11     | Found a frozen archway.
 14999 | D:11     | Slain by a wraith

Illustrated notes

Levels and vault maps discovered:
D:1:      onia_arrival_handbag, layout_basic,
          shapermc_ecumenical_altar_mp_vishouse, minivault_26
D:2:      layout_basic
D:3:      layout_rooms, minmay_fountain_box, uniq_ijyb, uniq_natasha
D:4:      layout_loops_ring, temple_green, serial_shops,
          nicolae_shop_behind_doors, ebering_ghost_disaster_area
D:5:      layout_layer_cave, nicolae_hepliaklqana_hazy_memory, enter_ossuary_2,
          chequers_serial_rivers_small_b
D:6:      layout_basic, kennysheep_little_box, serial_shops,
          nicolae_shop_window_shopping, nicolae_underground_beach,
          uniq_menkaure, uniq_pikel, uniq_grinder
D:7:      layout_loops_cross, mainiacjoe_overflow_boulevard,
          mainiacjoe_overflow_24_doors, gammafunk_ghost_wrathful_warriors,
          david_defended_altar_orc, uniq_joseph
D:8:      layout_basic, nicolae_ru_sacrificial_ziggurat
D:9:      layout_roguey, fiery_altar_vehumet, mainiacjoe_overflow_catwalk,
          kennysheep_another_room
D:10:     layout_loops_ring, lair_entry_dummy, gammafunk_ghost_grave,
          uniq_psyche
D:11:     layout_irregular_city, zombieorc1_lemuel, gauntlet_entry_generic,
          enter_bailey_4, portal_ice_cave_entry_pillars_2, lemuel_blue_sif_altar
Temple:   nicolae_temple_no_exploring_needed

Skill      XL: |  1  2  3  4  5  6  7  8  9 10 11 |
---------------+----------------------------------+-----
Spellcasting   | 3 4 5 6 8 9 11 12 | 12.7
Fighting       | 1 2 3 4 5 6 |  6.6
Stealth        | 2 3 4 |  4.1
Dodging        | 3 |  3.1
Short Blades   | |  0.3

Action                   |  1- 3 |  4- 6 |  7- 9 | 10-12 || total
-------------------------+-------+-------+-------+-------++-------
Melee: Dagger            |     6 |       |       |     6 ||    12
 Cast: Foxfire           |    80 |    64 |   141 |   180 ||   465
       Scorch            |     9 |    37 |    33 |   100 ||   179
       Flame Wave        |       |     1 |     9 |    16 ||    26
       Summon Ice Beast  |       |       |     1 |    20 ||    21
       Poisonous Vapours |       |       |     1 |     2 ||     3
       Leda's Liquefacti |       |       |       |     4 ||     4
  Use: Scroll            |       |     4 |       |    13 ||    17
       Potion            |       |       |     3 |    10 ||    13
 Stab: Sleeping          |     1 |       |       |       ||     1
       Distracted        |       |       |       |     1 ||     1
Armor: Robe              |     5 |     1 |     1 |    22 ||    29
Dodge: Dodged            |     9 |    17 |    21 |    42 ||    89

Table legend: (Time is in decaauts)
 A = Elapsed time spent in this place.
 B = Non-inter-level travel time spent in this place.
 C = Inter-level travel time spent in this place.
 D = Time resting spent in this place.
 E = Time spent auto-exploring this place.
 F = Levels seen in this place.
 G = Mean time per level.
                   A        B        C        D        E       F      G
               +--------+--------+--------+--------+--------+-----+--------+
         Total |  15026 |  14639 |    387 |   1731 |  11110 |  14 | 1073.3 |
       Dungeon |  14172 |  13788 |    384 |   1244 |  10842 |  11 | 1288.4 |
        Temple |      3 |      1 |      2 |      0 |      0 |   1 |    3.0 |
       Ossuary |    826 |    826 |      0 |    483 |    268 |   1 |  826.0 |
        Bailey |     23 |     23 |      0 |      4 |      0 |   1 |   23.0 |
               +--------+--------+--------+--------+--------+-----+--------+

Top non-repeatable levels by time:
     D:2: 1973 daAuts
     D:8: 1620 daAuts
    D:10: 1479 daAuts
     D:1: 1431 daAuts
     D:9: 1393 daAuts
     D:4: 1375 daAuts
     D:5: 1289 daAuts
     D:6: 1276 daAuts
     D:7: 1098 daAuts
     D:3: 1000 daAuts
 Ossuary: 826 daAuts
    D:11: 232 daAuts
  Bailey: 23 daAuts
  Temple: 3 daAuts
